 Dungeon Crawl Stone Soup version 0.24.0-1-gfbc8707122 (webtiles) character file.

Game seed: 11047524945552785614, levelgen mode: deterministic

4994 DavidChitty2 the Cleaver (level 10, -1/91 HPs)
             Began as a Minotaur Fighter on Oct 28, 2019.
             Was a Believer of Ru.
             Killed by divine providence
             ... invoked by an orc priest
              (16 damage)
             ... on level 9 of the Dungeon.
             The game lasted 00:17:35 (8586 turns).

DavidChitty2 the Cleaver (Minotaur Fighter)         Turns: 8586, Time: 00:17:35

Health: -1/91      AC: 12    Str: 24    XL:     10   Next: 29%
Magic:  9/9        EV:  7    Int:  5    God:    Ru [**....]
Gold:   631        SH: 11    Dex: 10    Spells: 9/9 levels left

rFire    . . .     SeeInvis +   a - +1 war axe
rCold    . . .     Gourm    .   s - +0 shield
rNeg     + . .     Faith    .   k - +0 chain mail
rPois    .         Spirit   .   (helmet restricted)
rElec    .         Reflect  .   g - +1 cloak
rCorr    .         Harm     .   F - +2 pair of gloves
MR       .....                  (no boots)
Stlth    ..........             (no amulet)
HPRegen  0.25/turn              z - ring of see invisible
MPRegen  0.11/turn              v - ring of positive energy

@: no status effects
A: retaliatory headbutt, horns 2, no conjurations magic, no necromancy magic, no
poison magic, reduced AC 1
a: Renounce Religion


You were on level 9 of the Dungeon.
You worshipped Ru.
Ru was pleased with you.
You were not hungry.

You visited 2 branches of the dungeon, and saw 10 of its levels.

You collected 631 gold pieces.

Inventory:

Hand Weapons
 a - a +1 war axe (weapon)
 b - a +0 flail
   (You took it off a gnoll on level 5 of the Dungeon)
Missiles
 y - 2 throwing nets (quivered) {!f}
Armour
 g - a +1 cloak (worn)
   (You found it on level 4 of the Dungeon)
 k - a +0 chain mail (worn)
   (You took it off an orc on level 6 of the Dungeon)
 s - a +0 shield (worn)
 F - a +2 pair of gloves (worn)
   (You found it on level 3 of the Dungeon)
Jewellery
 m - an uncursed ring of fire
   (You found it on level 1 of the Dungeon)
 v - a ring of positive energy (right hand)
   (You found it on level 3 of the Dungeon)
 z - a ring of see invisible (left hand)
   (You found it on level 6 of the Dungeon)
 D - an uncursed ring of magical power
   (You found it on level 8 of the Dungeon)
Wands
 c - a wand of disintegration (7)
   (You found it on level 8 of the Dungeon)
 d - a wand of iceblast (6)
   (You found it on level 4 of the Dungeon)
 t - a wand of flame (21)
   (You took it off a goblin on level 6 of the Dungeon)
 u - a wand of paralysis (12)
   (You found it on level 9 of the Dungeon)
 w - a wand of polymorph (15)
   (You found it on level 6 of the Dungeon)
 x - a wand of acid (11)
   (You found it on level 7 of the Dungeon)
Scrolls
 f - 3 scrolls of remove curse {@r2}
 i - 2 scrolls of magic mapping
 n - 5 scrolls of teleportation {@r4}
 B - 2 scrolls of fear
Potions
 h - a potion of cancellation
 j - a potion of curing {@q1}
 l - 2 potions of lignification {!q}
 o - a potion of haste {@q3}
 p - a potion of ambrosia
 r - 2 potions of flight
 A - a potion of agility
 C - 4 potions of resistance
Comestibles
 e - 16 rations {!d}
 E - 2 chunks of flesh


   Skills:
 + Level 9.0 Fighting
 * Level 11.6 Axes
 + Level 9.0 Armour
 + Level 9.0 Shields


You had 9 spell levels left.
You didn't know any spells.
Your spell library was empty.

Dungeon Overview and Level Annotations

Branches:
Dungeon (9/15)             Temple (1/1) D:5            Lair (0/6) D:8
    Orc (0/2) D:9

Altars:
Ashenzari
Cheibriados
Dithmenos
Elyvilon
Fedhas
Gozag
Hepliaklqana
Kikubaaqudgha
Makhleb
Nemelex Xobeh
Okawaru
Qazlal
Ru
Sif Muna
Trog
Uskayaw
Vehumet
Wu Jian
Xom
Yredelemnul
Zin
The Shining One

Annotations:
D:4 2 transporters, zkyp's ghost, novice TeSk
D:8 1 runed translucent door, grouchysmurf's ghost, novice MfSk


Innate Abilities, Weirdness & Mutations

You reflexively headbutt those who attack you in melee.
You have a pair of horns on your head.
You cannot study or cast Conjurations magic.
You cannot study or cast Necromancy magic.
You cannot study or cast Poison magic.
You take slightly more damage. (AC -5)


Message History

The centaur zombie hits itself.
You block the centaur zombie's attack.
The centaur zombie hits you but does no damage.
You hit the centaur zombie.
You destroy the centaur zombie!
You start resting.
The necrophage is too close now for your liking.
You hit the necrophage. You headbutt the necrophage.
You block the necrophage's attack.
You hit the necrophage. Your headbutt misses the necrophage.
The necrophage barely misses you.
You hit the necrophage but do no damage.
Your headbutt misses the necrophage. The necrophage barely misses you.
You furiously retaliate!
You headbutt the necrophage!
You destroy the necrophage!
Your Fighting skill increases to level 9!
Your Shields skill increases to level 9!
You start resting.
The orc warrior is too close now for your liking.
You feel better.
The orc warrior hits you with a +1 scimitar of protection!
* * * LOW HITPOINT WARNING * * *
You see here a necrophage corpse.
You hit the orc warrior but do no damage.
You hit the orc warrior but do no damage.
You headbutt the orc warrior. The orc warrior barely misses you.
You closely miss the orc warrior. Your headbutt misses the orc warrior.
The orc warrior hits you with a +1 scimitar of protection.
* * * LOW HITPOINT WARNING * * *
You feel better. You block the orc warrior's attack.
As you read the scroll of teleportation {@r4}, it crumbles to dust.
You feel strangely unstable. You block the orc warrior's attack.
Unknown command.
You hit the orc warrior.
Your shield and chain mail prevent you from hitting the orc priest.
The orc priest hits you but does no damage.
You hit the orc warrior. You hit the orc priest.
The orc warrior hits you but does no damage.
You block the orc priest's attack.
You hit the orc warrior but do no damage.
You slice the orc priest!!
You kill the orc priest!
You block the orc warrior's attack.
You hit the orc warrior but do no damage.
Your surroundings suddenly seem different.
An orc wizard comes into view. It is wielding a +0 dagger.
The orc wizard shouts!
The orc priest shouts!
The orc priest calls down the wrath of Beogh upon you.
Beogh smites you!
You die...

>..........# ..
...o........
..........
###........# .
...........##.o
......o........
...............
#............
#....@.(.....
...............
...........###.
#########.>..
###.# #


You could see an orc priest, an orc wizard and an orc.

Vanquished Creatures
  Joseph (D:8)
  2 hippogriffs
  A spriggan (D:8)
  2 wyverns (D:8)
  Eustachio (D:6)
  Edmund (D:5)
  2 porcupines (D:8)
  4 orc warriors
  A necrophage (D:9)
  An eye of draining (D:3)
  2 ogres (D:9)
  4 phantoms
  2 centaurs
  5 bullfrogs
  A gnoll sergeant (D:9)
  2 wyvern zombies
  4 scorpions
  4 killer bees (D:9)
  2 howler monkeys
  5 wights (D:9)
  A crimson imp (D:6)
  A centaur zombie (D:9)
  A jelly (D:2)
  6 hounds
  4 orc priests
  3 orc wizards
  An iguana (D:7)
  6 worker ants
  A hound skeleton (D:6)
  14 adders
  13 gnolls
  5 shadow imps
  2 oozes
  An adder zombie (D:6)
  An adder skeleton (D:7)
  A dart slug (D:1)
  7 leopard geckos
  12 orcs
  3 ball pythons
  7 giant cockroaches
  11 goblins
  8 hobgoblins
  4 jackals (D:7)
  4 quokkas
  5 bats
  5 frilled lizards
  7 kobolds
  A leopard gecko skeleton (D:9)
  8 rats
  6 fungi (D:8)
  A plant (D:8)
197 creatures vanquished.

Vanquished Creatures (others)
  An orc wizard (D:7)
  A fungus (D:6)
  3 toadstools (D:6)
5 creatures vanquished.

Grand Total: 202 creatures vanquished

Notes
Turn   | Place    | Note
-------+----------+-------------------------------------------
     0 | D:1      | DavidChitty2 the Minotaur Fighter began the quest for the
                  | Orb.
     0 | D:1      | Reached XP level 1. HP: 19/19 MP: 0/0
   126 | D:1      | Reached XP level 2. HP: 27/27 MP: 1/1
   193 | D:1      | Reached skill level 3 in Axes
   304 | D:1      | Reached XP level 3. HP: 29/33 MP: 2/2
   979 | D:2      | Reached XP level 4. HP: 40/40 MP: 3/3
  1038 | D:2      | Found a faded altar of an unknown god.
  1261 | D:2      | Reached skill level 4 in Axes
  1726 | D:3      | Reached XP level 5. HP: 47/47 MP: 4/4
  2219 | D:3      | HP: 1/47 [wyvern zombie (7)]
  2503 | D:3      | Found a bloodstained altar of Trog.
  2503 | D:3      | Noticed an eye of draining
  2514 | D:3      | Reached skill level 5 in Axes
  2520 | D:3      | Killed an eye of draining
  2520 | D:3      | Reached XP level 6. HP: 55/55 MP: 0/5
  2667 | D:4      | Reached skill level 5 in Fighting
  2667 | D:4      | Reached skill level 5 in Shields
  2681 | D:4      | Reached skill level 5 in Armour
  2983 | D:4      | Found a transporter.
  3133 | D:4      | Found a transporter.
  3279 | D:4      | Noticed zkyp's ghost (novice TeSk)
  3333 | D:4      | Reached skill level 6 in Axes
  3354 | D:4      | You fall into a shaft and drop 1 floor!
  3354 | D:5      | Entered Level 5 of the Dungeon
  3371 | D:5      | Reached XP level 7. HP: 53/61 MP: 6/6
  3576 | D:5      | Noticed Edmund
  3583 | D:5      | Killed Edmund
  3639 | D:5      | Found a staircase to the Ecumenical Temple.
  3654 | Temple   | Entered the Ecumenical Temple
  3715 | Temple   | Became a worshipper of Ru the Awakened
  3949 | D:5      | Reached skill level 7 in Axes
  4536 | D:4      | Found a snail-covered altar of Cheibriados.
  4536 | D:4      | Found a shimmering blue altar of Sif Muna.
  4543 | D:4      | Found a glowing golden altar of the Shining One.
  4545 | D:4      | Found a sparkling altar of Nemelex Xobeh.
  4547 | D:4      | Found an ornate altar of the Wu Jian Council.
  4853 | D:6      | Noticed Eustachio
  4870 | D:6      | Killed Eustachio
  4870 | D:6      | Reached XP level 8. HP: 55/70 MP: 7/7
  5006 | D:6      | Reached skill level 8 in Axes
  5360 | D:6      | Found a radiant altar of Vehumet.
  5749 | D:6      | Gained mutation: You take slightly more damage. (AC -5) [Ru
                  | sacrifice]
  5749 | D:6      | Reached * piety under Ru
  5815 | D:7      | Noticed a hippogriff
  5984 | D:6      | Reached skill level 9 in Axes
  6403 | D:6      | Found an opulent altar of Gozag.
  6409 | D:6      | Found a shattered altar of Ashenzari.
  6409 | D:6      | Found a shadowy altar of Dithmenos.
  6579 | D:7      | Reached XP level 9. HP: 71/79 MP: 8/8
  7181 | D:8      | Reached skill level 10 in Axes
  7185 | D:8      | Noticed Joseph
  7202 | D:8      | Killed Joseph
  7480 | D:8      | Found a runed translucent door.
  7675 | D:8      | Found a staircase to the Lair.
  7809 | D:8      | Noticed grouchysmurf's ghost (novice MfSk)
  7954 | D:8      | Reached skill level 11 in Axes
  7954 | D:8      | Reached XP level 10. HP: 76/90 MP: 9/9
  8227 | D:9      | Gained mutation: You cannot study or cast Poison magic. [Ru
                  | sacrifice]
  8227 | D:9      | Gained mutation: You cannot study or cast Necromancy magic.
                  | [Ru sacrifice]
  8227 | D:9      | Gained mutation: You cannot study or cast Conjurations
                  | magic. [Ru sacrifice]
  8227 | D:9      | Reached ** piety under Ru
  8519 | D:9      | Found a staircase to the Orcish Mines.
  8586 | D:9      | Killed from afar by an orc priest

Levels and vault maps discovered:
D:1:      onia_arrival_larder, layout_loops_cross, minmay_ruptured
D:2:      layout_basic, first_ration, chequers_ecumenical_altar_lobes
D:3:      layout_basic, trog_eyes_of_draining
D:4:      layout_loops_corners, chequers_temple_overflow_minitemple,
          gammafunk_ghost_stat_death
D:5:      layout_loops_ring, temple_fountains, minmay_crystal_water,
          skrybe_limestone_x, uniq_edmund
D:6:      layout_basic, vehumet_altar_wand_db, minitemple,
          minmay_gold_behind_fungi, uniq_eustachio
D:7:      layout_rooms
D:8:      layout_rooms, grunt_lair_entry_orc_guard_hut,
          ebering_ghost_inner_flame, the_bakery, uniq_joseph
D:9:      minmay_shrinking_squares, layout_basic, erik_orc_4,
          chequers_serial_rivers_small_3, fedhas_altar_1
Temple:   nicolae_temple_god_jail

Skill      XL: |  1  2  3  4  5  6  7  8  9 10 |
---------------+-------------------------------+-----
Axes           | 3 4 5 6 7 9 11 | 11.6
Fighting       | 4 5 6 7 8 9 |  9.0
Armour         | 4 5 6 7 8 9 |  9.0
Shields        | 4 5 6 7 8 9 |  9.0

Action                   |  1- 3 |  4- 6 |  7- 9 | 10-12 || total
-------------------------+-------+-------+-------+-------++-------
Melee: War axe           |    75 |   119 |   303 |   120 ||   617
       Headbutt          |    11 |    19 |    71 |    20 ||   121
Invok: Sacrifice Health  |       |       |     1 |       ||     1
       Sacrifice Arcana  |       |       |       |     1 ||     1
  Use: Potion            |       |     1 |     4 |     4 ||     9
       Scroll            |       |    13 |     9 |     2 ||    24
 Stab: Distracted        |       |       |       |     1 ||     1
  Eat: Chunk             |       |     8 |    15 |     2 ||    25
Armor: Scale mail        |    32 |    57 |    65 |       ||   154
       Chain mail        |       |       |    74 |    28 ||   102
Dodge: Dodged            |    15 |    44 |    88 |    26 ||   173
Block: Shield            |    41 |    70 |   173 |    67 ||   351
